 Dungeon Crawl Stone Soup version 0.23.2-1-ga50397a6bc (webtiles) character file.

Game seed: 8610355837316635065

1311 MisterOstroum the Skirmisher (level 8, -3/65 HPs)
             Began as a Demonspawn Wanderer on May 19, 2019.
             Was a Believer of Okawaru.
             Slain by a howler monkey (7 damage)
             ... on level 5 of the Dungeon.
             The game lasted 00:26:05 (6482 turns).

MisterOstroum the Skirmisher (Demonspawn Wanderer)  Turns: 6482, Time: 00:26:06

Health: -3/65      AC:  0    Str:  8 (11) XL:     8   Next: 32%
Magic:  7/9        EV: 23    Int: 15 (17) God:    Okawaru [**....]
Gold:   203        SH:  0    Dex: 17 (18) Spells: 7/7 levels left

rFire    . . .     SeeInvis .     - Unarmed
rCold    . . .     Gourm    .   (shield currently unavailable)
rNeg     . . .     Faith    .   (armour currently unavailable)
rPois    .         Spirit   .   (helmet currently unavailable)
rElec    .         Reflect  .   (cloak currently unavailable)
rCorr    .         Harm     .   (gloves currently unavailable)
MR       .....                  (boots currently unavailable)
Stlth    ++++++....             (no amulet)
HPRegen  0.20/turn              (ring currently unavailable)
MPRegen  0.11/turn              (ring currently unavailable)

@: agile, pig-form (expiring), heroism, very quick
A: small, deterioration 1, nightstalker 2, powered by pain 1
a: Heroism, Renounce Religion


You were on level 5 of the Dungeon.
You worshipped Okawaru.
Okawaru was pleased with you.
You were not hungry.
You were a filthy swine.
You visited 1 branch of the dungeon, and saw 6 of its levels.

You collected 203 gold pieces.

Inventory:

Hand Weapons
 a - a +0 whip of electrocution (melded)
 b - a +0 shortbow
 h - a +1 short sword of flaming
 K - a +4 trident
Missiles
 d - 102 arrows
 n - 59 stones (quivered)
 p - 5 tomahawks
 y - 8 needles of confusion
 z - 14 poisoned needles
 F - 13 javelins
Armour
 c - a +2 scale mail (melded)
 o - a +0 cloak (melded)
 x - a +0 leather armour
 E - a +0 plate armour
 G - a cursed +0 pair of gloves (melded)
 J - a +0 helmet
Jewellery
 g - an uncursed ring of protection from magic {unknown}
Wands
 r - a wand of polymorph (13)
 s - a wand of disintegration (13)
 I - a wand of digging (3)
Scrolls
 i - 9 scrolls of identify {unknown}
 j - a scroll of noise {unknown}
 k - 2 scrolls of teleportation {unknown}
 l - a scroll of magic mapping {unknown}
 m - 3 scrolls of enchant weapon {unknown}
 q - a scroll of amnesia {unknown}
 v - a scroll of fear {unknown}
 w - 3 scrolls of remove curse {unknown}
 D - a scroll of fog {unknown}
Potions
 u - 2 potions of agility
 A - a potion of magic {unknown}
 B - a potion of flight {unknown}
 H - a potion of resistance {unknown}
Comestibles
 e - 8 rations
 C - a chunk of flesh


   Skills:
 + Level 6.8(11.8) Fighting
 - Level 0.2(5.2) Short Blades
 + Level 5.1(10.1) Maces & Flails
 - Level 3.1(8.1) Bows
   Level 1.7(6.7) Crossbows
 - Level 1.0(6.0) Throwing
 + Level 3.9(8.9) Armour
 + Level 2.3 Invocations
 - Level 1.0 Evocations


You had 7 spell levels left.
You didn't know any spells.
Your spell library was empty.

Dungeon Overview and Level Annotations

Branches:
Dungeon (6/15)
 Temple: D:4-7

Altars:
Cheibriados
Gozag
Kikubaaqudgha
Okawaru
Ru
Uskayaw
Vehumet
Xom
Yredelemnul

Annotations:
D:3 1 runed translucent door, Crazy Yiuf
D:5 Edmund


Innate Abilities, Weirdness & Mutations

((You have sharp fingernails.))
You are significantly more attuned to the shadows.
You sometimes gain a little power by taking damage.
((You have sharp toenails.))
Your body sometimes deteriorates upon taking damage.


Message History

The stone hits the howler monkey but does no damage.
The howler monkey is lightly wounded.
The howler monkey hoots and howls with incredible vigour!
You hear a shout!
You hear a howl!
You hear a shout! x2; You hear a bark!
You hear an angry growl.
You hear a bark!
You hear a shout! x3
You hear a howl!
You hear a bark! x2; You hear a croak.
You hear a bark!
Throwing (i - inventory. (/) - cycle)
n - 61 stones (quivered)
Press: ? - help, Shift-Dir - straight line, f/p - howler monkey
Aim: a howler monkey (lightly wounded, catching its breath)
You throw a stone.
The stone closely misses the howler monkey.
Throwing (i - inventory. (/) - cycle)
n - 60 stones (quivered)
Press: ? - help, Shift-Dir - straight line, f/p - howler monkey
Aim: a howler monkey (lightly wounded, catching its breath)
You throw a stone.
The stone closely misses the howler monkey.
A centaur comes into view.
The centaur wields a +0 shortbow.
The centaur shoots an arrow.
The arrow hits you!
Your scale mail prevents you from hitting the howler monkey.
The howler monkey is lightly wounded.
The howler monkey hoots and howls with incredible vigour!
The centaur shoots an arrow.
The arrow hits you.
You hear an angry growl.
You hear a bark! x2
You hit the howler monkey but do no damage.
The howler monkey is lightly wounded.
The howler monkey barely misses you.
The centaur shoots an arrow.
The arrow hits you.
An adder zombie comes into view.
You closely miss the howler monkey.
The howler monkey is lightly wounded.
The howler monkey hoots and howls with incredible vigour!
The centaur shoots an arrow.
The arrow hits you but does no damage.
You hear an angry growl.
You hear a howl!
You hear a bark!
You hit the howler monkey but do no damage.
Lightning courses through the howler monkey!
The howler monkey is severely wounded.
The howler monkey closely misses you.
The centaur shoots an arrow.
The arrow barely misses you.
You completely miss the howler monkey.
The howler monkey is severely wounded.
A gnoll comes into view. It is wielding a +0 halberd.
The howler monkey hits you.
The centaur shoots an arrow.
The arrow hits you.
Edmund the Younger comes into view.
He is wielding a +0 flail of distortion and carrying a wand of polymorph (7).
Edmund shouts!
You hear a shout!
The howler monkey hoots and howls with incredible vigour!
The centaur shoots an arrow.
The arrow hits you.
You hear a bark! x2
You see here an arrow.
Edmund hits you but does no damage. Space warps horribly around you!
A black bear comes into view.
The howler monkey closely misses you.
Edmund zaps a wand.
You resist with some effort.
Edmund zaps a wand.
You turn into a filthy swine.
Your +0 whip of electrocution melds into your body.
Your +0 cloak melds into your body.
Your cursed +0 pair of gloves melds into your body.
Your +2 scale mail melds into your body.
Your +0 whip of electrocution stops crackling.
The centaur shoots an arrow.
The arrow hits you but does no damage. The howler monkey misses you.
Things that are here:
an arrow; a stone A bullfrog comes into view.
There is a stone staircase leading up here.
You see here a stone.
The howler monkey barely misses you.
Edmund gestures with his flail.
Edmund hits you with a +0 flail of distortion.
Space warps horribly around you!
* * * LOW HITPOINT WARNING * * *
You focus on the pain.
You feel agile all of a sudden.
You climb upwards.
There is a stone staircase leading down here.
It was a potion of agility.
You feel more agile all of a sudden. The howler monkey misses you.
You gain the combat prowess of a mighty hero.
Edmund zaps a wand.
You resist with some effort. The howler monkey hits you.
* * * LOW HITPOINT WARNING * * *
You hit the howler monkey but do no damage.
The howler monkey is heavily wounded.
The howler monkey closely misses you.
Edmund zaps a wand.
You resist with some effort.
You hit the howler monkey.
The howler monkey is severely wounded.
The howler monkey barely misses you. Edmund misses you.
It was a potion of degeneration.
There was something very wrong with that liquid.
You feel weakened.
You feel dopey.
You feel clumsy.
The howler monkey hoots and howls with incredible vigour!
Edmund misses you.
You hear a shout!
It was a potion of mutation.
You feel extremely strange.
You feel yourself wasting away.
Your toenails lengthen and sharpen.
Your transformation is almost over.
The howler monkey closely misses you. Edmund completely misses you.
The howler monkey hits you!
You die...

....[................#
....###...).#........#
....# #.....#........#
....# #.....#........#
....# #.....#........#
....# #.....#........######
#####
#.....##....รท.)...).#
..######.#.####..##.......#
................h##.......#
..######.......#@h........#
..#### #######.#.).....####
.....# #.#.......# .....#
#######.#.......# .....#
#.....#.#......)# .....#
#........#......# .....#
#.)......#......# .....#
#........##.....#


You could see Edmund and a howler monkey.

Vanquished Creatures
  Duvessa (D:4)
  An ice beast (D:6)
  A sky beast (D:3)
  A phantom (D:5)
  2 ogres (D:5)
  3 centaurs (D:5)
  Dowan (D:4)
  A scorpion (D:5)
  A crimson imp (D:5)
  3 hounds
  An orc wizard (D:3)
  An iguana (D:4)
  A worker ant (D:5)
  Robin (D:4)
  4 gnolls
  7 adders
  An adder zombie (D:5)
  A worm (D:5)
  4 dart slugs
  4 leopard geckos
  16 orcs
  4 bats
  4 giant cockroaches
  12 goblins
  10 hobgoblins
  12 jackals
  3 quokkas
  2 ball pythons
  4 frilled lizards
  9 kobolds
  A leopard gecko zombie (D:5)
  3 quokka skeletons
  5 rats
125 creatures vanquished.

Notes
Turn   | Place    | Note
-------+----------+-------------------------------------------
     0 | D:1      | MisterOstroum the Demonspawn Wanderer began the quest for
                  | the Orb.
     0 | D:1      | MisterOstroum set off with the following items: a +0
                  | shortbow, a potion of lignification {@q6}, a +2 scale mail,
                  | 24 arrows, a ration
     0 | D:1      | Reached XP level 1. HP: 16/16 MP: 1/1
   371 | D:1      | Gained mutation: You have sharp fingernails. [demonic
                  | ancestry]
   371 | D:1      | Reached XP level 2. HP: 23/23 MP: 2/2
  1004 | D:1      | Found a bloodstained altar of Trog.
  1009 | D:1      | Reached XP level 3. HP: 28/28 MP: 3/3
  1010 | D:1      | Found an opulent altar of Gozag.
  1010 | D:1      | Found a shimmering altar of Xom.
  1014 | D:1      | Found a basalt altar of Yredelemnul.
  1014 | D:1      | Found a hide-covered altar of Uskayaw.
  1014 | D:1      | Found a hide-covered altar of Uskayaw.
  1156 | D:2      | Found an iron altar of Okawaru.
  1207 | D:2      | Became a worshipper of Warmaster Okawaru
  1224 | D:2      | Reached skill level 3 in Fighting
  1253 | D:2      | Found a radiant altar of Vehumet.
  1388 | D:2      | Found a sacrificial altar of Ru.
  1545 | D:1      | Gained mutation: You are slightly more attuned to the
                  | shadows. [demonic ancestry]
  1545 | D:1      | Reached XP level 4. HP: 23/35 MP: 4/4
  1956 | D:2      | Found a faded altar of an unknown god.
  2836 | D:3      | Reached XP level 5. HP: 40/42 MP: 5/5
  2880 | D:3      | Reached skill level 1 in Maces & Flails
  3178 | D:3      | Noticed a sky beast
  3179 | D:3      | Reached skill level 4 in Fighting
  3203 | D:3      | Killed a sky beast
  3203 | D:3      | Reached * piety under Okawaru
  3465 | D:3      | Found a runed translucent door.
  3466 | D:3      | Noticed Crazy Yiuf
  3588 | D:3      | Gained mutation: You sometimes gain a little power by
                  | taking damage. [demonic ancestry]
  3588 | D:3      | Reached XP level 6. HP: 43/49 MP: 6/6
  4344 | D:4      | Noticed Duvessa
  4416 | D:5      | Entered Level 5 of the Dungeon
  4425 | D:5      | Reached skill level 5 in Fighting
  4583 | D:5      | Gained mutation: You are significantly more attuned to the
                  | shadows. [demonic ancestry]
  4583 | D:5      | Reached XP level 7. HP: 30/56 MP: 7/7
  5062 | D:5      | Reached skill level 6 in Fighting
  5482 | D:5      | Reached ** piety under Okawaru
  5730 | D:4      | Found a snail-covered altar of Cheibriados.
  5888 | D:4      | Reached XP level 8. HP: 65/65 MP: 8/8
  5889 | D:4      | Found an ancient bone altar of Kikubaaqudgha.
  6058 | D:4      | Noticed Dowan
  6078 | D:4      | Killed Dowan
  6079 | D:4      | Killed Duvessa
  6079 | D:4      | Reached skill level 1 in Invocations
  6136 | D:4      | Noticed Robin
  6143 | D:4      | Killed Robin
  6190 | D:4      | Reached skill level 5 in Maces & Flails
  6470 | D:6      | Noticed Edmund
  6478 | D:5      | HP: 3/65 [howler monkey (2)]
  6482 | D:5      | Gained mutation: Your body sometimes deteriorates upon
                  | taking damage. [potion of mutation]
  6482 | D:5      | Gained mutation: You have sharp toenails. [potion of
                  | mutation]
  6482 | D:5      | Slain by a howler monkey

Skill      XL: |  1  2  3  4  5  6  7  8 |
---------------+-------------------------+-----
Bows           | 2 3 |  3.1
Fighting       | 3 4 5 6 |  6.8
Maces & Flails | 2 3 4 5 |  5.1
Armour         | 3 |  3.9
Invocations    | 2 |  2.3
Short Blades   | |  0.2
Crossbows      | |  1.7
Throwing       | |  1.0
Evocations     | |  1.0

Action                   |  1- 3 |  4- 6 |  7- 9 || total
-------------------------+-------+-------+-------++-------
Melee: Dagger            |    25 |       |       ||    25
       Short sword       |    36 |    23 |       ||    59
       Whip              |       |   112 |   122 ||   234
       Unarmed           |       |       |     2 ||     2
 Fire: Shortbow          |   106 |    19 |       ||   125
Throw: Stone             |     2 |    74 |    80 ||   156
       Tomahawk          |       |       |     4 ||     4
Invok: Heroism           |       |     1 |     6 ||     7
  Use: Potion            |       |     3 |     3 ||     6
 Stab: Sleeping          |       |     1 |       ||     1
  Eat: Chunk             |     2 |     6 |     6 ||    14
       Ration            |       |     1 |       ||     1
Armor: Scale mail        |    84 |     6 |    40 ||   130
       Skin              |       |    10 |       ||    10
       Robe              |       |    16 |       ||    16
       Leather armour    |       |     4 |     5 ||     9
Dodge: Dodged            |    79 |    58 |    48 ||   185
